 Dungeon Crawl Stone Soup version 0.32-a0-913-g739538a (webtiles) character file.

Game seed: 3724784875777415177

102 AmonChakai the Gusty (level 4, -4/24 HPs)
             Began as a Tengu Air Elementalist on Mar 28, 2024.
             Slain by a ribbon worm (6 damage)
             ... on level 2 of the Dungeon on Apr 9, 2024.
             The game lasted 00:11:19 (2065 turns).

AmonChakai the Gusty (Tengu Air Elementalist)       Turns: 2065, Time: 00:11:19

Health: -4/24      AC:  3    Str:  9    XL:     4   Next: 77%
Magic:  1/8        EV: 11    Int: 17    God:
Gold:   99         SH:  0    Dex: 14    Spells: 1/7 levels left

rFire   . . .        e - staff of death
rCold   . . .        (no shield)
rNeg    + . .        a - +0 robe
rPois   .            (helmet restricted)
rElec   .            d - +0 cloak
rCorr   .            (no gloves)
SInv    .            (boots unavailable)
Will    .....        (no amulet)
Stlth   ++           l - ring of flight
HPRegen 0.24/turn    (no ring)
MPRegen 0.11/turn

%: acrobat
@: flying
A: beak, talons 3, acrobatic
a: no special abilities


You were on level 2 of the Dungeon.
You visited 1 branch of the dungeon, and saw 2 of its levels.

You collected 99 gold pieces.

Inventory:

Hand Weapons
 c - a +0 dagger
Missiles
 n - 6 poisoned darts
Armour
 a - a +0 robe (worn)
 d - a +0 cloak (worn)
Magical Staves
 e - a staff of death (weapon)
Jewellery
 l - a ring of flight (left hand)
Scrolls
 g - a scroll of poison {unknown}
 h - a scroll of enchant weapon {unknown}
 i - 3 scrolls of identify {unknown}
 j - a scroll of fear {unknown}
 k - a scroll of butterflies {unknown}
 m - a scroll of amnesia {unknown}
Potions
 b - a potion of magic
 f - 2 potions of attraction {unknown}


   Skills:
 - Level 2.1 Dodging
 - Level 2.0 Stealth
 - Level 2.4 Spellcasting
 - Level 2.4 Conjurations
 + Level 2.3 Necromancy
 + Level 5.5 Air Magic


You had one spell level left.
You knew the following spells:

 Your Spells              Type           Power      Damage    Failure   Level
a - Shock                 Conj/Air       60%        1d6       3%          1
b - Necrotise             Necr           60%        1d7       7%          1
c - Airstrike             Air            10%        2d(2-18)  19%         4

Your spell library contained the following spells:

 Spells                   Type           Power      Damage    Failure   Level
 Sting                    Conj/Alch      24%        1d4       12%         1
 Apportation              Tloc           4%         N/A       19%         1
 Summon Small Mammal      Summ           8%         N/A       19%         1
 Static Discharge         Conj/Air       30%        3-5/arc   5%          2
 Swiftness                Air            20%        N/A       6%          3


Dungeon Overview and Level Annotations

Branches:
Dungeon (2/15)

Altars:


Innate Abilities, Weirdness & Mutations

You have a beak for a mouth.
You have claws for feet.
You can magically evade attacks while moving or waiting.


Message History

You are caught in a web!
You are caught in a web!
Casting: Shock (safe; 3% risk of failure)
Confirm with . or Enter, or press ? or * to list all spells.
Aiming: Shock (safe; 3% risk of failure)
Press: ? - help, Shift-Dir - straight line, f/p - ribbon worm
Aim: a ribbon worm (lightly wounded, catching its breath, 90% to hit)
The zap hits the ribbon worm.
The ribbon worm is moderately wounded.
The ribbon worm bites you. The ribbon worm bites you!
Casting: Shock (safe; 3% risk of failure)
Confirm with . or Enter, or press ? or * to list all spells.
Aiming: Shock (safe; 3% risk of failure)
Press: ? - help, Shift-Dir - straight line, f/p - ribbon worm
Aim: a ribbon worm (moderately wounded, 90% to hit)
The zap hits the ribbon worm.
The ribbon worm is moderately wounded.
The ribbon worm expels a string of sticky webbing.
The stream of webbing hits you but does no damage.
You are even more entangled.
Casting: Shock (safe; 3% risk of failure)
Confirm with . or Enter, or press ? or * to list all spells.
Aiming: Shock (safe; 3% risk of failure)
Press: ? - help, Shift-Dir - straight line, f/p - ribbon worm
Aim: a ribbon worm (moderately wounded, catching its breath, 90% to hit)
The zap hits the ribbon worm.
The ribbon worm is severely wounded.
The ribbon worm bites you but does no damage.
The ribbon worm bites you. The ribbon worm bites you.
The ribbon worm bites you.
The ribbon worm expels a string of sticky webbing.
The stream of webbing hits you but does no damage.
You are even more entangled.
The ribbon worm bites you!
* * * LOW HITPOINT WARNING * * *
The ribbon worm closely misses you.
The web tears apart.
The ribbon worm bites you.
You die...

#..#.###'## #.#
#..#....รท.# #.#
..####....# #.# #.# #....#
#.# #.# #....######.# ..#
#)...##...#.#
..####....##.#.#.#
.....'.......#.#.#
...###....####.#@##########
...# ###### #.#.w.........
...# #########.###########.
..## #............# ..#
#............# [.#
##............# ..#
#.............# ..#
#.............### ..#
#.##............#


You could see a ribbon worm (catching breath).

Vanquished Creatures
  3 gnolls (D:2)
  3 adders (D:2)
  A dart slug (D:2)
  3 ball pythons
  A bat (D:1)
  4 endoplasms
  2 giant cockroaches
  4 goblins
  9 hobgoblins
  3 quokkas (D:1)
  5 frilled lizards (D:1)
  2 kobolds (D:1)
  2 rats (D:1)
42 creatures vanquished.

Notes
Turn   | Place    | Note
-------+----------+-------------------------------------------
     0 | D:1      | AmonChakai the Tengu Air Elementalist began the quest for
                  | the Orb.
     0 | D:1      | Reached XP level 1. HP: 10/10 MP: 4/4
   118 | D:1      | Reached XP level 2. HP: 11/15 MP: 0/6
   555 | D:1      | Learned a level 1 spell: Necrotise
   576 | D:1      | Reached XP level 3. HP: 19/19 MP: 2/7
  1042 | D:2      | Reached skill level 1 in Necromancy
  1147 | D:2      | Reached skill level 5 in Air Magic
  1147 | D:2      | Reached XP level 4. HP: 24/24 MP: 4/8
  1152 | D:2      | Learned a level 4 spell: Airstrike
  1201 | D:2      | Upgraded the game from 0.32-a0-867-g107c310 to
                  | 0.32-a0-886-g41c5271
  1365 | D:2      | Identified the +0 ring mail of Gurose {+Blink}
  1695 | D:2      | Upgraded the game from 0.32-a0-886-g41c5271 to
                  | 0.32-a0-913-g739538a
  2065 | D:2      | Slain by a ribbon worm

Illustrated notes

Levels and vault maps discovered:
D:1:      amcnicky_arrival_abandoned_market, layout_rooms
D:2:      layout_basic

Skill      XL: |  1  2  3  4 |
---------------+-------------+-----
Conjurations   | 2 |  2.4
Necromancy     | 1 2 |  2.3
Air Magic      | 5 |  5.5
Dodging        | |  2.1
Stealth        | |  2.0
Spellcasting   | |  2.4

Action                     |  1- 3 |  4- 6 || total
---------------------------+-------+-------++-------
  Melee: Dagger            |     8 |       ||     8
         Kick              |     7 |     3 ||    10
         Peck              |     2 |     1 ||     3
         Unarmed           |     1 |       ||     1
         Staff             |     5 |    13 ||    18
   Cast: Shock             |    54 |    32 ||    86
         Necrotise         |     2 |     1 ||     3
         Airstrike         |       |     4 ||     4
 Armour: Robe              |    10 |    23 ||    33
  Dodge: Dodged            |    28 |    11 ||    39

Table legend: (Time is in decaauts)
 A = Elapsed time spent in this place.
 B = Non-inter-level travel time spent in this place.
 C = Inter-level travel time spent in this place.
 D = Time resting spent in this place.
 E = Time spent auto-exploring this place.
 F = Levels seen in this place.
 G = Mean time per level.
                   A        B        C        D        E       F      G
               +--------+--------+--------+--------+--------+-----+--------+
         Total |   2067 |   2014 |     53 |     22 |   1624 |   2 | 1033.5 |
       Dungeon |   2067 |   2014 |     53 |     22 |   1624 |   2 | 1033.5 |
               +--------+--------+--------+--------+--------+-----+--------+

Top non-repeatable levels by time:
     D:1: 1071 daAuts
     D:2: 995 daAuts
